 Dungeon Crawl Stone Soup version 0.31-a0-963-ga325b2283a (webtiles) character file.

Game seed: 18048235904476708395

2456 BinkBink the Covert (level 9, -4/41 HPs)
             Began as a Spriggan Hunter on Oct 24, 2023.
             Slain by an orc warrior
             ... wielding a +0 war axe
              (17 damage)
             ... in a bailey.
             The game lasted 00:11:30 (7228 turns).

BinkBink the Covert (Spriggan Hunter)               Turns: 7228, Time: 00:11:30

Health: -4/41      AC:  3    Str:  7    XL:     9   Next: 26%
Magic:  10/10      EV: 26    Int: 10    God:
Gold:   252        SH:  0    Dex: 23    Spells: 8/8 levels left

rFire   . . .        z - +0 arbalest
rCold   . . .        (shield currently unavailable)
rNeg    . . .        c - +1 robe
rPois   .            (helmet restricted)
rElec   .            (no cloak)
rCorr   .            (gloves unavailable)
SInv    +            (boots unavailable)
Will    +....        q - amulet of the acrobat
Stlth   +++++        (no ring)
HPRegen 0.26/turn    (no ring)
MPRegen 0.12/turn

%: acrobat
@: very quick
A: very small, no large weapons, unfitting armour, see invisible, speed 3
a: no special abilities


You were in a bailey.
You visited 1 branch of the dungeon, and saw 7 of its levels.
You also visited: Sewer and Bailey.

You collected 252 gold pieces.

Inventory:

Hand Weapons
 a - a +0 shortbow
 z - a +0 arbalest (weapon)
Armour
 c - a +1 robe (worn)
Jewellery
 q - an amulet of the acrobat (around neck)
Wands
 o - a wand of roots (10)
 p - a wand of flame (30)
 w - a wand of charming (11)
Scrolls
 b - a scroll of butterflies
 e - a scroll of silence
 j - a scroll of fear
 r - 2 scrolls of poison
 t - 5 scrolls of teleportation
 x - a scroll of revelation
 y - a scroll of blinking
 A - a scroll of vulnerability
Potions
 d - 3 potions of haste
 f - 2 potions of curing
 g - 3 potions of ambrosia
 h - 2 potions of heal wounds {unknown}
 i - 2 potions of lignification {unknown}
 k - a potion of cancellation {unknown}
 l - 2 potions of brilliance
 m - a potion of degeneration {unknown}
 n - a potion of magic {unknown}
 s - 2 potions of attraction {unknown}
 u - 2 potions of enlightenment {unknown}
 v - 2 potions of might


   Skills:
 - Level 1.5 Fighting
 + Level 8.4 Ranged Weapons
 + Level 9.8 Dodging
 + Level 11.2 Stealth


You had 8 spell levels left.
You didn't know any spells.
Your spell library contained the following spells:

 Spells                   Type           Power      Damage    Failure   Level
 Apportation              Tloc           0%         N/A       36%         1
 Ensorcelled Hibernation  Hex/Ice        0%         N/A       50%         2
 Jinxbite                 Hex            0%         N/A       50%         2
 Anguish                  Hex/Necr       0%         N/A       98%         4


Dungeon Overview and Level Annotations

Branches:
Dungeon (7/15)              Sewer (visited)          Bailey (1/1)
 Temple: D:4-7

Altars:
Elyvilon
Fedhas
Gozag
Kikubaaqudgha
Sif Muna
Yredelemnul
Zin

Annotations:
D:2 1 runed translucent door, Crazy Yiuf


Innate Abilities, Weirdness & Mutations

You are very small and have problems with some larger weapons.
You are too small for most types of armour.
You have supernaturally acute eyesight. (SInv)
You cover ground extremely quickly. (Speed+++)


Message History

The orc warrior closely misses you.
You shoot a bolt. The bolt hits the orc warrior.
The orc warrior is moderately wounded.
The orc warrior hits you with a +0 hand axe.
You shoot a bolt. The bolt hits the orc warrior!
The orc warrior is almost dead.
The orc warrior closely misses you. The orc warrior misses you.
You shoot a bolt. The bolt hits the orc warrior!!
You kill the orc warrior!
No target in view!
Things that are here:
a +0 hand axe; a +0 ring mail You start resting.
HP restored.
There is an empty arch of ancient stone here.
There is a gate leading back out of this place here.
Things that are here:
a +0 hand axe; a +0 leather armour
There is an open gate here.
You start waiting.
An orc warrior is nearby!
You shoot a bolt. The orc warrior shouts!
The bolt hits the orc warrior!
The orc warrior is heavily wounded.
You hear a shout!
You shoot a bolt. The bolt hits the orc warrior!
The orc warrior is almost dead.
You shoot a bolt. The bolt barely misses the orc warrior.
You shoot a bolt.
The bolt closely misses the orc warrior.
You shoot a bolt. The bolt barely misses the orc warrior.
The orc warrior hits you with a +0 war axe!!
You shoot a bolt.
The bolt closely misses the orc warrior.
The orc warrior misses you.
You shoot a bolt.
The bolt closely misses the orc warrior.
The orc warrior hits you with a +0 war axe! x2
You die...

.........# .........#
........### ♣♣♣♣♣♣
#.....#'#.### ♣..♣.♣♣
###.###.....###♣♣♣.....♣
###.........##......♣♣♣
#....)).))..#........♣
#...........'.......♣♣
#.....⌠....o@.)∩.∩).♣♣
#..........)'........♣
#...........#........♣
##.).......##.......♣♣
###..)..###♣♣♣....♣♣
#'#.### ♣♣..♣♣
........### ♣♣♣♣
......... .........#


You could see an orc warrior.

Vanquished Creatures
  Sigmund (D:4)
  Menkaure (D:6)
  Duvessa (D:4)
  2 water moccasins
  2 orc warriors (Bailey)
  A black bear (D:4)
  A centaur (D:6)
  An ogre (D:5)
  A phantom (D:5)
  2 scorpions
  A water moccasin zombie (D:5)
  5 necrophages (D:5)
  Dowan (D:4)
  A howler monkey (D:7)
  A centaur zombie (D:5)
  5 hounds
  3 jellies
  3 iguanas
  4 sleepcaps
  An orc wizard (D:5)
  5 gnolls
  4 adders
  5 river rats (Sewer)
  2 ufetubi (D:6)
  An adder zombie (D:5)
  A dart slug (D:1)
  A worm (D:2)
  21 orcs
  6 endoplasms
  6 giant cockroaches
  11 goblins
  18 hobgoblins
  6 quokkas
  16 ball pythons
  2 bats
  A frilled lizard (D:1)
  23 kobolds
  23 rats
190 creatures vanquished.

Vanquished Creatures (others)
  A human (D:5)
1 creature vanquished.

Grand Total: 191 creatures vanquished

Notes
Turn   | Place    | Note
-------+----------+-------------------------------------------
     0 | D:1      | BinkBink the Spriggan Hunter began the quest for the Orb.
     0 | D:1      | Reached XP level 1. HP: 10/10 MP: 2/2
   147 | D:1      | Reached skill level 2 in Stealth
   281 | D:1      | Reached XP level 2. HP: 14/14 MP: 3/3
   696 | D:2      | Reached XP level 3. HP: 18/18 MP: 4/4
   757 | D:2      | Reached skill level 3 in Stealth
   963 | D:2      | Found a runed translucent door.
   964 | D:2      | Noticed Crazy Yiuf
  1578 | D:3      | Identified the of Gutah
  1578 | D:3      | Found a basalt altar of Yredelemnul.
  1659 | D:3      | Found a faded altar of an unknown god.
  1805 | D:3      | Reached XP level 4. HP: 17/22 MP: 5/5
  2031 | D:3      | Found a white marble altar of Elyvilon.
  2330 | D:4      | Reached skill level 4 in Stealth
  2330 | D:4      | Identified the +0 chain mail "Voynagol" {rElec rPois rC-
                  | Str+3}
  2389 | D:4      | Reached skill level 5 in Ranged Weapons
  2389 | D:4      | Reached XP level 5. HP: 24/25 MP: 6/6
  2522 | D:4      | Noticed Sigmund
  2539 | D:4      | Killed Sigmund
  2540 | D:4      | Reached skill level 5 in Dodging
  2540 | D:4      | Reached skill level 5 in Stealth
  2540 | D:4      | Reached XP level 6. HP: 10/30 MP: 7/7
  2579 | D:4      | Found a glowing drain.
  2597 | Sewer    | Entered a sewer
  2797 | Sewer    | Reached skill level 6 in Stealth
  3362 | D:4      | Reached XP level 7. HP: 33/33 MP: 8/8
  3372 | D:4      | Noticed Dowan
  3373 | D:4      | Noticed Duvessa
  3580 | D:4      | Killed Duvessa
  3581 | D:4      | Reached skill level 7 in Stealth
  3641 | D:4      | Killed Dowan
  4332 | D:5      | Entered Level 5 of the Dungeon
  4368 | D:5      | Reached skill level 8 in Stealth
  4394 | D:5      | Found an ancient bone altar of Kikubaaqudgha.
  4432 | D:5      | Reached XP level 8. HP: 37/37 MP: 9/9
  4525 | D:5      | Found a shimmering blue altar of Sif Muna.
  4578 | D:5      | You fall into a shaft and drop 1 floor!
  4632 | D:6      | Reached skill level 9 in Stealth
  4775 | D:6      | Noticed Menkaure
  4778 | D:6      | Killed Menkaure
  4873 | D:6      | Identified the +0 robe "Gofeggao" {rPois rF+}
  5285 | D:6      | Found an opulent altar of Gozag.
  5285 | D:6      | Found a glowing silver altar of Zin.
  5552 | D:5      | Found a blossoming altar of Fedhas.
  5709 | D:5      | Reached skill level 10 in Stealth
  6551 | D:5      | Reached XP level 9. HP: 41/41 MP: 10/10
  6866 | D:7      | Found a flagged portal.
  6872 | D:7      | Identified the +5 hand axe "Natacs" {freeze, *Corrode Int+6
                  | Dex+4}
  6875 | Bailey   | Entered a bailey
  7025 | Bailey   | Reached skill level 11 in Stealth
  7228 | Bailey   | Slain by an orc warrior

Illustrated notes

Levels and vault maps discovered:
D:1:      roadster_arrival_rocket_small, layout_basic
D:2:      layout_basic, uniq_crazy_yiuf_cottage
D:3:      corexii_shack_village, layout_rooms,
          mainiacjoe_overflow_cross_hatched, nicolae_elyvilon_temple_path,
          shapermc_ecumenical_altar_rom_forum
D:4:      layout_loops_ring, gup_sewer_entry_pipe, uniq_duvessa, uniq_sigmund
D:5:      layout_loops_ring, fedhas_altar_decomposition,
          kennysheep_orc_sif_temple, tgw_kikubaaqudgha,
          chequers_serial_rivers_large_a
D:6:      hellmonk_ruined_rings, layout_loops_cross,
          grunt_temple_overflow_gold_and_silver, kennysheep_donut, uniq_menkaure
D:7:      layout_rooms, mainiacjoe_overflow_alcove_2, okawaru_gym_becter,
          minmay_temple_entry_statues, enter_bailey_2, uniq_jeremiah
Bailey:   bailey_axe_minmay_hex_keep, bailey

Skill      XL: |  1  2  3  4  5  6  7  8  9 |
---------------+----------------------------+-----
Stealth        | 2 3 4 5 6 8 10 11 | 11.2
Dodging        | 3 4 5 6 7 9 |  9.8
Ranged Weapons | 5 6 8 |  8.4
Fighting       | |  1.5

Action                     |  1- 3 |  4- 6 |  7- 9 || total
---------------------------+-------+-------+-------++-------
   Fire: Shortbow          |   134 |   219 |    70 ||   423
         Arbalest          |       |       |   198 ||   198
    Use: Scroll            |       |       |    17 ||    17
 Armour: Robe              |     8 |    22 |    28 ||    58
  Dodge: Dodged            |    22 |    93 |   134 ||   249

Table legend: (Time is in decaauts)
 A = Elapsed time spent in this place.
 B = Non-inter-level travel time spent in this place.
 C = Inter-level travel time spent in this place.
 D = Time resting spent in this place.
 E = Time spent auto-exploring this place.
 F = Levels seen in this place.
 G = Mean time per level.
                   A        B        C        D        E       F      G
               +--------+--------+--------+--------+--------+-----+--------+
         Total |   5406 |   5221 |    185 |   1110 |   2726 |   9 |  600.7 |
       Dungeon |   4597 |   4412 |    185 |    818 |   2497 |   7 |  656.7 |
         Sewer |    462 |    462 |      0 |     43 |    211 |   1 |  462.0 |
        Bailey |    346 |    346 |      0 |    249 |     18 |   1 |  346.0 |
               +--------+--------+--------+--------+--------+-----+--------+

Top non-repeatable levels by time:
     D:5: 1326 daAuts
     D:4: 1170 daAuts
     D:2: 638 daAuts
     D:6: 554 daAuts
     D:3: 490 daAuts
   Sewer: 462 daAuts
     D:1: 384 daAuts
  Bailey: 346 daAuts
     D:7: 31 daAuts
